Saguenéens vs Tamiflu

Created - 6 avril 2013 at 23:27

Goals
1 2 3 T
Saguenéens 0 2 2 4
Tamiflu 1 0 0 1
Shots
1 2 3 T
Saguenéens 15 5 3 23
Tamiflu 13 8 13 34

1st period

1. Tamiflu , Greg Mauldin 11 (Jani Rita) at 10:16

Penalties :
Radek Bonk (Det) for Hooking (Minor) at 4:18, Dwight King (Chi) for Interference (Minor) at 4:18, Patrick McNeill (Chi) for Tripping (Minor) at 8:23, Petr Pohl (Det) for Hooking (Minor) at 9:07, Wayne Simmonds (Chi) for Roughing (Minor) at 13:47, Brad Chartrand (Chi) for Holding (Minor) at 14:27

2nd period

2. Saguenéens , Brandon Yip 17 (Brad Chartrand, James Reimer) at 11:57 (PP)
3. Saguenéens , Brad Chartrand 15 (Brandon Yip) at 12:33 (PP)

Penalties :
Michal Grosek (Chi) for Holding (Minor) at 0:17, Mike Brown (Det) for Delaying the game (Minor) at 10:25, Corey Crawford (Det) for Slashing (Minor) at 11:47 - Pavel Trnka served the penalty, Mike Brown (Det) for Hooking (Minor) at 17:05

3rd period

4. Saguenéens , Brad Chartrand 16 (Derek Joslin) at 0:55 (SH)
5. Saguenéens , Pat Dwyer 4 (Mike Van Ryn, Johannes Salmonsson) at 11:35

Penalties :
Wayne Simmonds (Chi) for Hooking (Minor) at 0:39, Andrew Kozek (Chi) for Tripping (Minor) at 9:14, Jani Rita (Det) for High sticking (Minor) at 13:33

Goalie Stats

James Reimer (Chi), 33 saves from 34 shots - (0,971), W, 9-12-1, 60:00 minutes
Corey Crawford (Det), 19 saves from 23 shots - (0,826), L, 16-16-3, 60:00 minutes

Players Stats for Saguenéens

Player Name              G  A  P  +/- PIM S  H  SB GA TA FO     MP     PP MP  PK MP  
------------------------------------------------------------------------------------
Andreas Engqvist         0  0  0   1  0   0  0  0  0  0  2/5    11:15   0:30   1:23 
Andrew Kozek             0  0  0   0  2   0  1  1  0  0  0/1    10:17   0:55   0:57 
Brad Chartrand           2  1  3   1  2   7  1  0  1  2  7/15   18:07   3:24   3:41 
Brandon Yip              1  1  2   0  0   3  1  0  0  0  0/0    17:45   2:47   3:57 
Brendan Witt             0  0  0  -1  0   3  2  0  0  0  0/0    20:57   0:44   4:48 
David McIntyre           0  0  0   0  0   0  0  0  0  0  3/4     8:23   0:00   0:00 
Derek Joslin             0  1  1   1  0   0  2  2  0  1  0/0    18:00   0:35   4:32 
Dwight King              0  0  0   0  2   0  1  1  0  0  0/0    12:30   2:49   0:00 
Henrik Tallinder         0  0  0   0  0   3  1  0  1  1  0/0    21:20   3:21   4:32 
Ian Cole                 0  0  0   0  0   0  1  0  0  0  0/0    16:51   3:29   0:00 
Johannes Salmonsson      0  1  1   1  0   0  0  0  0  0  0/0     9:30   0:16   0:20 
Kyle Brodziak            0  0  0  -1  0   0  2  2  0  0  9/21   22:06   2:32   4:19 
Michal Grosek            0  0  0   0  2   4  2  2  0  2  1/1    19:02   2:39   2:43 
Mike Van Ryn             0  1  1   1  0   0  2  2  1  1  0/0    25:25   2:54   4:48 
Pat Dwyer                1  0  1   1  0   1  1  0  0  0  0/0     9:14   0:38   0:00 
Patrick McNeill          0  0  0   1  2   0  1  3  0  0  0/0    18:20   3:21   0:00 
Wayne Simmonds           0  0  0   0  4   2  0  0  0  0  1/1    18:35   3:16   0:00 
Zack Stortini            0  0  0   0  0   0  1  0  0  0  0/0     8:23   0:00   0:00 

Players Stats for Tamiflu

Player Name              G  A  P  +/- PIM S  H  SB GA TA FO     MP     PP MP  PK MP  
------------------------------------------------------------------------------------
Alex Picard              0  0  0  -1  0   4  3  2  1  0  1/1    22:12   4:42   3:09 
Colin Greening           0  0  0  -1  0   2  1  0  0  0  3/5     9:55   0:00   0:25 
David Clarkson           0  0  0   0  0   4  1  0  0  0  0/0    10:22   0:13   1:51 
Freddy Meyer             0  0  0   1  0   1  2  2  0  0  0/0    20:36   3:48   4:06 
Greg Mauldin             1  0  1   1  0   6  2  0  1  0  3/6    15:34   4:25   1:51 
Jan Mursak               0  0  0   0  0   0  1  0  0  0  0/0     8:32   0:00   0:14 
Jani Rita                0  1  1   1  2   1  1  0  0  0  1/1    17:15   4:25   0:40 
Jonathan Sigalet         0  0  0  -1  0   0  1  2  1  2  0/0    27:54   5:32   2:03 
Jordan Hendry            0  0  0   1  0   0  0  1  0  0  0/0    18:45   3:48   2:00 
Kyle Lawson              0  0  0  -1  0   0  3  0  0  0  0/0    11:14   0:00   0:00 
Mike Brown               0  0  0  -1  4   1  2  0  1  0  0/0    17:32   4:42   0:00 
Nate Thompson            0  0  0  -1  0   1  4  1  1  1  15/26  22:22   4:42   3:19 
Nathan Oystrick          0  0  0  -1  0   3  1  0  0  0  0/0    13:36   0:00   2:47 
Pavel Trnka              0  0  0  -1  0   1  0  1  0  0  0/0    27:55   5:32   2:44 
Petr Pohl                0  0  0   0  2   3  2  0  2  0  0/2    14:59   4:24   0:00 
Pierre Dagenais          0  0  0  -1  0   4  2  0  0  0  0/1    10:52   0:13   1:15 
Radek Bonk               0  0  0   0  2   2  2  1  0  0  2/6    10:33   0:00   0:00 
Rich Clune               0  0  0  -1  0   1  1  0  0  0  0/0     9:33   0:13   0:46 

3 Stars

1 - Brad Chartrand (Chi)
2 - James Reimer (Chi)
3 - Brandon Yip (Chi)

Power Play

Saguenéens - 2 on 5 Attempt(s) - 40,00%
Tamiflu - 0 on 6 Attempt(s) - 0,00%

Penalty Kill

Saguenéens - 6 on 6 Attempt(s) - 100,00% - Score 1 goal in Penalty Kill
Tamiflu - 3 on 5 Attempt(s) - 60,00% - Score 0 goal in Penalty Kill

Official

Referees : Rehman Kyle and Lee Chris
Linesman : Don Henderson and Derek Nansen

Game Notes

No Game Note

Saguenéens

5 vs 5 Forward 
   Center                   Left Wing                Right Wing               Time % Phy DF OF 
 1 Kyle Brodziak            Michal Grosek            Wayne Simmonds           40     1   2  2  
 2 Brad Chartrand           Dwight King              Brandon Yip              30     1   2  2  
 3 Andreas Engqvist         Johannes Salmonsson      Pat Dwyer                20     1   2  2  
 4 David McIntyre           Andrew Kozek             Zack Stortini            10     1   2  2  

5 vs 5 Defense 
   Defense                  Defense                                           Time % Phy DF OF 
 1 Mike Van Ryn             Patrick McNeill                                   35     1   2  2  
 2 Brendan Witt             Ian Cole                                          35     1   2  2  
 3 Henrik Tallinder         Derek Joslin                                      20     1   2  2  
 4 Henrik Tallinder         Mike Van Ryn                                      10     0   2  3  

PowerPlay Forward 
   Center                   Left Wing                Right Wing               Time % Phy DF OF 
 1 Kyle Brodziak            Michal Grosek            Wayne Simmonds           50     0   1  4  
 2 Brad Chartrand           Dwight King              Brandon Yip              50     0   1  4  

PowerPlay Defense
   Defense                  Defense                                           Time % Phy DF OF 
 1 Mike Van Ryn             Ian Cole                                          50     0   2  3  
 2 Henrik Tallinder         Patrick McNeill                                   50     0   2  3  

Penalty Kill 4 Players Forward 
   Center                   Wing                     Time % Phy DF OF 
 1 Kyle Brodziak            Michal Grosek            50     1   3  1  
 2 Brad Chartrand           Brandon Yip              50     1   3  1  

Penalty Kill 4 Players Defense
   Defense                  Defense                  Time % Phy DF OF 
 1 Mike Van Ryn             Brendan Witt             50     1   3  1  
 2 Henrik Tallinder         Derek Joslin             50     1   3  1  

Penalty Kill - 3 Players Forward 
   Forward                                           Time % Phy DF OF 
 1 Brad Chartrand                                    50     1   3  1  
 2 Michal Grosek                                     50     1   3  1  

Penalty Kill - 3 Players Defense
   Defense                  Defense                  Time % Phy DF OF 
 1 Mike Van Ryn             Brendan Witt             50     1   3  1  
 2 Henrik Tallinder         Derek Joslin             50     1   3  1  

4 vs 4 Forward 
   Center                   Wing                     Time % Phy DF OF 
 1 Kyle Brodziak            Brandon Yip              50     1   1  3  
 2 Brad Chartrand           Wayne Simmonds           50     1   1  3  

4 vs 4 Defense
   Defense                  Defense                  Time % Phy DF OF 
 1 Mike Van Ryn             Derek Joslin             50     1   2  2  
 2 Henrik Tallinder         Brendan Witt             50     1   2  2  

Last Minutes Offensive
   Center                   Left Wing                Right Wing               Defense                  Defense                  
   Kyle Brodziak            Michal Grosek            Brandon Yip              Henrik Tallinder         Patrick McNeill          

Last Minutes Defensive
   Center                   Left Wing                Right Wing               Defense                  Defense                  
   Kyle Brodziak            Michal Grosek            Brandon Yip              Henrik Tallinder         Derek Joslin             

Goaltenders
Starting : James Reimer             
Backup : Thomas Greiss            

Extra Forwards
Normal : Brad Chartrand, Andreas Engqvist, Kyle Brodziak - PP : Brad Chartrand, Andrew Kozek - PK : Brad Chartrand
Extra Defensemen
Normal : Derek Joslin, Ian Cole, Henrik Tallinder - PP : Derek Joslin - PK : Patrick McNeill, Ian Cole
Penalty Shots
Brandon Yip, Michal Grosek, Brad Chartrand, Kyle Brodziak, Wayne Simmonds

Tamiflu

5 vs 5 Forward 
   Center                   Left Wing                Right Wing               Time % Phy DF OF 
 1 Nate Thompson            Alex Picard              Mike Brown               40     0   1  4  
 2 Radek Bonk               Jani Rita                Petr Pohl                30     0   1  4  
 3 Greg Mauldin             Jan Mursak               David Clarkson           20     0   2  3  
 4 Colin Greening           Rich Clune               Pierre Dagenais          10     0   3  2  

5 vs 5 Defense 
   Defense                  Defense                                           Time % Phy DF OF 
 1 Jonathan Sigalet         Pavel Trnka                                       40     0   2  3  
 2 Freddy Meyer             Jordan Hendry                                     30     0   2  3  
 3 Nathan Oystrick          Kyle Lawson                                       20     0   3  2  
 4 Jonathan Sigalet         Pavel Trnka                                       10     0   2  3  

PowerPlay Forward 
   Center                   Left Wing                Right Wing               Time % Phy DF OF 
 1 Nate Thompson            Alex Picard              Mike Brown               60     0   1  4  
 2 Greg Mauldin             Jani Rita                Petr Pohl                40     0   1  4  

PowerPlay Defense
   Defense                  Defense                                           Time % Phy DF OF 
 1 Jonathan Sigalet         Pavel Trnka                                       60     0   2  3  
 2 Freddy Meyer             Jordan Hendry                                     40     0   2  3  

Penalty Kill 4 Players Forward 
   Center                   Wing                     Time % Phy DF OF 
 1 Nate Thompson            Alex Picard              60     0   4  1  
 2 Greg Mauldin             David Clarkson           40     0   4  1  

Penalty Kill 4 Players Defense
   Defense                  Defense                  Time % Phy DF OF 
 1 Freddy Meyer             Pavel Trnka              60     0   4  1  
 2 Jonathan Sigalet         Jordan Hendry            40     0   4  1  

Penalty Kill - 3 Players Forward 
   Forward                                           Time % Phy DF OF 
 1 Nate Thompson                                     60     0   4  1  
 2 Greg Mauldin                                      40     0   4  1  

Penalty Kill - 3 Players Defense
   Defense                  Defense                  Time % Phy DF OF 
 1 Freddy Meyer             Pavel Trnka              60     0   4  1  
 2 Jonathan Sigalet         Jordan Hendry            40     0   4  1  

4 vs 4 Forward 
   Center                   Wing                     Time % Phy DF OF 
 1 Nate Thompson            Alex Picard              60     0   2  3  
 2 Greg Mauldin             Jani Rita                40     0   2  3  

4 vs 4 Defense
   Defense                  Defense                  Time % Phy DF OF 
 1 Jonathan Sigalet         Pavel Trnka              60     0   2  3  
 2 Freddy Meyer             Jordan Hendry            40     0   2  3  

Last Minutes Offensive
   Center                   Left Wing                Right Wing               Defense                  Defense                  
   Nate Thompson            Alex Picard              Mike Brown               Jonathan Sigalet         Pavel Trnka              

Last Minutes Defensive
   Center                   Left Wing                Right Wing               Defense                  Defense                  
   Nate Thompson            Alex Picard              David Clarkson           Freddy Meyer             Pavel Trnka              

Goaltenders
Starting : Corey Crawford           
Backup : Jussi Markkanen          

Extra Forwards
Normal : Greg Mauldin, Colin Greening, Pierre Dagenais - PP : Pierre Dagenais, Greg Mauldin - PK : Pierre Dagenais
Extra Defensemen
Normal : Nathan Oystrick, Kyle Lawson, Pavel Trnka - PP : Nathan Oystrick - PK : Nathan Oystrick, Kyle Lawson
Penalty Shots
Radek Bonk, Pierre Dagenais, Alex Picard, Jani Rita, Greg Mauldin

% Time on Ice - Saguenéens

Lines # - Real PCT - Wanted PCT - Time Play
Normal Forward
1 - 34% - 40% - 13:58
2 - 24% - 30% - 9:43
3 - 21% - 20% - 8:32
4 - 21% - 10% - 8:23
Normal Defense
1 - 38% - 35% - 15:16
2 - 38% - 35% - 15:27
3 - 22% - 20% - 8:51
4 - 3% - 10% - 1:02
PP Forward
1 - 45% - 50% - 3:04
2 - 55% - 50% - 3:46
PP Defense
1 - 51% - 50% - 3:29
2 - 49% - 50% - 3:21
PK Forward
1 - 49% - 50% - 3:55
2 - 51% - 50% - 4:06
PK Defense
1 - 49% - 50% - 3:55
2 - 51% - 50% - 4:06
PK3 Forward
1 - 77% - 50% - 1:01
2 - 23% - 50% - 0:18
PK3 Defense
1 - 67% - 50% - 0:53
2 - 33% - 50% - 0:26
44 Forward
1 - 49% - 50% - 1:36
2 - 51% - 50% - 1:38
44 Defense
1 - 53% - 50% - 1:42
2 - 47% - 50% - 1:32
Last Minute Offensive  - 0:00
Last Minute Defensive  - 0:00
Total
Forward - 60:00
Defense - 60:00

% Time on Ice - Tamiflu

Lines # - Real PCT - Wanted PCT - Time Play
Normal Forward
1 - 32% - 40% - 13:03
2 - 26% - 30% - 10:41
3 - 20% - 20% - 8:18
4 - 21% - 10% - 8:34
Normal Defense
1 - 43% - 40% - 17:17
2 - 27% - 30% - 11:09
3 - 28% - 20% - 11:14
4 - 2% - 10% - 0:56
PP Forward
1 - 53% - 60% - 4:55
2 - 47% - 40% - 4:25
PP Defense
1 - 59% - 60% - 5:32
2 - 41% - 40% - 3:48
PK Forward
1 - 72% - 60% - 4:49
2 - 28% - 40% - 1:51
PK Defense
1 - 70% - 60% - 4:40
2 - 30% - 40% - 2:00
PK3 Forward
1 - 100% - 60% - 0:10
2 - 0% - 40% - 0:00
PK3 Defense
1 - 100% - 60% - 0:10
2 - 0% - 40% - 0:00
44 Forward
1 - 66% - 60% - 2:08
2 - 34% - 40% - 1:06
44 Defense
1 - 44% - 60% - 1:26
2 - 56% - 40% - 1:48
Last Minute Offensive  - 0:00
Last Minute Defensive  - 0:00
Total
Forward - 60:00
Defense - 60:00

Play by Play

1st period


0:01 of 1st period - Nate Thompson wins face-off versus Kyle Brodziak in neutral zone.
0:59 of 1st period - Pierre Dagenais is hit by Brendan Witt and loses puck.
1:20 of 1st period - Snap shot by Greg Mauldin.
1:20 of 1st period - Stopped by James Reimer with a rebound.
1:39 of 1st period - Snap shot by Alex Picard.
1:39 of 1st period - Stopped by James Reimer with a rebound.
3:08 of 1st period - Wrist shot by Kyle Brodziak.
3:08 of 1st period - Shot Blocked by Jordan Hendry.
3:10 of 1st period - Slapshot by Kyle Brodziak.
3:10 of 1st period - Deflect By Michal Grosek.
3:10 of 1st period - Stopped by Corey Crawford with a rebound.
3:12 of 1st period - Slapshot by Michal Grosek.
3:12 of 1st period - Stopped by Corey Crawford with a rebound.
3:22 of 1st period - Snap shot by Radek Bonk.
3:22 of 1st period - Stopped by James Reimer without a rebound.
3:23 of 1st period - Brad Chartrand wins face-off versus Radek Bonk in Saguenéens zone.
3:32 of 1st period - Snap shot by Brad Chartrand.
3:32 of 1st period - Shot Blocked by Pavel Trnka.
3:52 of 1st period - Mike Van Ryn is hit by Petr Pohl and loses puck.
4:18 of 1st period - Minor Penalty to Radek Bonk for Hooking.
4:18 of 1st period - Minor Penalty to Dwight King for Interference.
4:19 of 1st period - Nate Thompson wins face-off versus Kyle Brodziak in Saguenéens zone.
4:24 of 1st period - Nate Thompson is hit by Kyle Brodziak and loses puck.
5:15 of 1st period - Kyle Brodziak is hit by Nate Thompson and loses puck.
6:18 of 1st period - Penalty to Radek Bonk is over, Radek Bonk is back on ice.
6:18 of 1st period - Penalty to Dwight King is over, Dwight King is back on ice.
6:26 of 1st period - Greg Mauldin is hit by Henrik Tallinder and loses puck.
6:33 of 1st period - Snap shot by Brandon Yip.
6:33 of 1st period - Deflect By Freddy Meyer.
6:33 of 1st period - Stopped by Corey Crawford without a rebound.
6:34 of 1st period - Colin Greening wins face-off versus David McIntyre in Tamiflu zone.
6:57 of 1st period - Alex Picard is hit by Pat Dwyer and loses puck.
7:52 of 1st period - Freddy Meyer is hit by Andrew Kozek and loses puck.
8:17 of 1st period - Mike Van Ryn is hit by Alex Picard and loses puck.
8:23 of 1st period - Minor Penalty to Patrick McNeill for Tripping.
8:24 of 1st period - Michal Grosek wins face-off versus Nate Thompson in Saguenéens zone.
8:58 of 1st period - Slapshot by Michal Grosek.
8:58 of 1st period - Stopped by Corey Crawford with a rebound.
9:07 of 1st period - Minor Penalty to Petr Pohl for Hooking.
9:08 of 1st period - Nate Thompson wins face-off versus Kyle Brodziak in Tamiflu zone.
9:13 of 1st period - Henrik Tallinder is hit by Alex Picard and loses puck.
9:44 of 1st period - Backhand shot by Brad Chartrand.
9:44 of 1st period - Stopped by Corey Crawford with a rebound.
9:46 of 1st period - Wrist shot by Brad Chartrand.
9:46 of 1st period - Deflect By Greg Mauldin.
9:46 of 1st period - Stopped by Corey Crawford without a rebound.
9:47 of 1st period - Nate Thompson wins face-off versus Brad Chartrand in Tamiflu zone.
10:12 of 1st period - Slapshot by Jani Rita.
10:12 of 1st period - Deflect By Greg Mauldin.
10:12 of 1st period - Shot Misses the Net.
10:12 of 1st period - Puck is out of play.
10:13 of 1st period - Greg Mauldin wins face-off versus Kyle Brodziak in Saguenéens zone.
10:16 of 1st period - Snap shot by Greg Mauldin.
10:16 of 1st period - Goal by Greg Mauldin - Saguenéens : 0 - Tamiflu : 1.
10:17 of 1st period - Wayne Simmonds wins face-off versus Nate Thompson in neutral zone.
10:23 of 1st period - Penalty to Patrick McNeill is over, Patrick McNeill is back on ice.
10:32 of 1st period - Snap shot by Wayne Simmonds.
10:32 of 1st period - Stopped by Corey Crawford with a rebound.
10:34 of 1st period - Snap shot by Henrik Tallinder.
10:34 of 1st period - Shot Misses the Net.
10:36 of 1st period - Snap shot by Wayne Simmonds.
10:36 of 1st period - Stopped by Corey Crawford with a rebound.
10:38 of 1st period - Slapshot by Henrik Tallinder.
10:38 of 1st period - Shot Hit the Post.
10:40 of 1st period - Snap shot by Brad Chartrand.
10:40 of 1st period - Stopped by Corey Crawford with a rebound.
10:42 of 1st period - Slapshot by Brad Chartrand.
10:42 of 1st period - Stopped by Corey Crawford with a rebound.
11:04 of 1st period - Snap shot by Brad Chartrand.
11:04 of 1st period - Shot Misses the Net.
11:06 of 1st period - Slapshot by Henrik Tallinder.
11:06 of 1st period - Stopped by Corey Crawford with a rebound.
11:07 of 1st period - Penalty to Petr Pohl is over, Petr Pohl is back on ice.
11:10 of 1st period - Wrist shot by Brad Chartrand.
11:10 of 1st period - Stopped by Corey Crawford with a rebound.
11:12 of 1st period - Slapshot by Brendan Witt.
11:12 of 1st period - Stopped by Corey Crawford with a rebound.
11:14 of 1st period - Snap shot by Wayne Simmonds.
11:14 of 1st period - Shot Blocked by Jonathan Sigalet.
11:16 of 1st period - Backhand shot by Brendan Witt.
11:16 of 1st period - Stopped by Corey Crawford without a rebound.
11:17 of 1st period - Greg Mauldin wins face-off versus Andreas Engqvist in Tamiflu zone.
11:28 of 1st period - Andreas Engqvist is hit by Freddy Meyer and loses puck.
12:07 of 1st period - Wrist shot by Pierre Dagenais.
12:07 of 1st period - Shot Blocked by Kyle Brodziak.
12:09 of 1st period - Snap shot by Pierre Dagenais.
12:09 of 1st period - Stopped by James Reimer with a rebound.
12:11 of 1st period - Slapshot by Kyle Lawson.
12:11 of 1st period - Shot Misses the Net.
12:13 of 1st period - Wrist shot by Nathan Oystrick.
12:13 of 1st period - Stopped by James Reimer without a rebound.
12:14 of 1st period - Andreas Engqvist wins face-off versus Colin Greening in Saguenéens zone.
12:41 of 1st period - Snap shot by Colin Greening.
12:41 of 1st period - Shot Misses the Net.
13:06 of 1st period - Snap shot by Pierre Dagenais.
13:06 of 1st period - Shot Misses the Net.
13:10 of 1st period - Slapshot by Nathan Oystrick.
13:10 of 1st period - Stopped by James Reimer with a rebound.
13:12 of 1st period - Snap shot by Pierre Dagenais.
13:12 of 1st period - Shot Blocked by Derek Joslin.
13:14 of 1st period - Wrist shot by Rich Clune.
13:14 of 1st period - Stopped by James Reimer without a rebound.
13:15 of 1st period - Nate Thompson wins face-off versus Kyle Brodziak in Saguenéens zone.
13:40 of 1st period - Snap shot by Greg Mauldin.
13:40 of 1st period - Shot Misses the Net.
13:42 of 1st period - Snap shot by Greg Mauldin.
13:42 of 1st period - Stopped by James Reimer with a rebound.
13:47 of 1st period - Minor Penalty to Wayne Simmonds for Roughing.
13:48 of 1st period - Nate Thompson wins face-off versus Brad Chartrand in Saguenéens zone.
14:14 of 1st period - Icing by Pavel Trnka.
14:15 of 1st period - Brad Chartrand wins face-off versus Greg Mauldin in Tamiflu zone.
14:27 of 1st period - Minor Penalty to Brad Chartrand for Holding.
14:28 of 1st period - Kyle Brodziak wins face-off versus Nate Thompson in Saguenéens zone.
14:42 of 1st period - Wrist shot by Nate Thompson.
14:42 of 1st period - Shot Misses the Net.
15:17 of 1st period - Wrist shot by Michal Grosek.
15:17 of 1st period - Stopped by Corey Crawford with a rebound.
15:47 of 1st period - Penalty to Wayne Simmonds is over, Wayne Simmonds is back on ice.
16:27 of 1st period - Penalty to Brad Chartrand is over, Brad Chartrand is back on ice.
16:41 of 1st period - Slapshot by Pierre Dagenais.
16:41 of 1st period - Stopped by James Reimer with a rebound.
16:43 of 1st period - Snap shot by Freddy Meyer.
16:43 of 1st period - Shot Misses the Net.
16:45 of 1st period - Snap shot by Colin Greening.
16:45 of 1st period - Stopped by James Reimer with a rebound.
17:21 of 1st period - Icing by Henrik Tallinder.
17:22 of 1st period - Colin Greening wins face-off versus Andreas Engqvist in Saguenéens zone.
17:23 of 1st period - Snap shot by Pierre Dagenais.
17:23 of 1st period - Shot Misses the Net.
17:25 of 1st period - Snap shot by Colin Greening.
17:25 of 1st period - Stopped by James Reimer with a rebound.
18:10 of 1st period - Icing by Patrick McNeill.
18:11 of 1st period - Radek Bonk wins face-off versus Brad Chartrand in Saguenéens zone.
18:18 of 1st period - Slapshot by Petr Pohl.
18:18 of 1st period - Stopped by James Reimer with a rebound.
18:48 of 1st period - Off-side.
18:49 of 1st period - Andreas Engqvist wins face-off versus Radek Bonk in neutral zone.
19:32 of 1st period - Wrist shot by Alex Picard.
19:32 of 1st period - Shot Misses the Net.

2nd period


0:01 of 2nd period - Nate Thompson wins face-off versus Kyle Brodziak in neutral zone.
0:17 of 2nd period - Minor Penalty to Michal Grosek for Holding.
0:18 of 2nd period - Alex Picard wins face-off versus Kyle Brodziak in Saguenéens zone.
0:21 of 2nd period - Snap shot by Mike Brown.
0:21 of 2nd period - Shot Misses the Net.
0:43 of 2nd period - Jani Rita is hit by Kyle Brodziak and loses puck.
1:56 of 2nd period - Derek Joslin is hit by Freddy Meyer and loses puck.
2:17 of 2nd period - Penalty to Michal Grosek is over, Michal Grosek is back on ice.
2:30 of 2nd period - Jonathan Sigalet is hit by Brandon Yip.
3:39 of 2nd period - Henrik Tallinder is hit by Nathan Oystrick and loses puck.
5:12 of 2nd period - Icing by Pat Dwyer.
5:13 of 2nd period - David McIntyre wins face-off versus Nate Thompson in Saguenéens zone.
5:39 of 2nd period - Henrik Tallinder is hit by Jan Mursak and loses puck.
5:59 of 2nd period - Jani Rita is hit by Brendan Witt and loses puck.
6:39 of 2nd period - Icing by Ian Cole.
6:40 of 2nd period - David McIntyre wins face-off versus Colin Greening in Saguenéens zone.
7:29 of 2nd period - Snap shot by Brad Chartrand.
7:29 of 2nd period - Shot Misses the Net.
7:50 of 2nd period - Andreas Engqvist is hit by Greg Mauldin and loses puck.
7:55 of 2nd period - Wrist shot by Greg Mauldin.
7:55 of 2nd period - Stopped by James Reimer without a rebound.
7:56 of 2nd period - Kyle Brodziak wins face-off versus Greg Mauldin in Saguenéens zone.
8:14 of 2nd period - Wrist shot by Pavel Trnka.
8:14 of 2nd period - Shot Blocked by Patrick McNeill.
8:16 of 2nd period - Wrist shot by Greg Mauldin.
8:16 of 2nd period - Stopped by James Reimer without a rebound.
8:17 of 2nd period - Nate Thompson wins face-off versus Brad Chartrand in Saguenéens zone.
8:24 of 2nd period - Snap shot by Alex Picard.
8:24 of 2nd period - Shot Misses the Net.
8:26 of 2nd period - Wrist shot by Mike Brown.
8:26 of 2nd period - Shot Blocked by Mike Van Ryn.
8:28 of 2nd period - Snap shot by Nathan Oystrick.
8:28 of 2nd period - Stopped by James Reimer with a rebound.
8:30 of 2nd period - Snap shot by Nate Thompson.
8:30 of 2nd period - Shot Misses the Net.
8:32 of 2nd period - Slapshot by Kyle Lawson.
8:32 of 2nd period - Shot Misses the Net.
8:47 of 2nd period - Snap shot by Radek Bonk.
8:47 of 2nd period - Shot Blocked by Michal Grosek.
9:11 of 2nd period - Snap shot by Pat Dwyer.
9:11 of 2nd period - Shot Misses the Net.
9:13 of 2nd period - Slapshot by Mike Van Ryn.
9:13 of 2nd period - Shot Blocked by Jonathan Sigalet.
9:23 of 2nd period - Wrist shot by Brad Chartrand.
9:23 of 2nd period - Shot Blocked by Alex Picard.
10:03 of 2nd period - Kyle Brodziak is hit by Petr Pohl and loses puck.
10:20 of 2nd period - Slapshot by Pat Dwyer.
10:20 of 2nd period - Shot Misses the Net.
10:22 of 2nd period - Slapshot by Henrik Tallinder.
10:22 of 2nd period - Stopped by Corey Crawford with a rebound.
10:24 of 2nd period - Slapshot by Derek Joslin.
10:24 of 2nd period - Shot Misses the Net.
10:25 of 2nd period - Minor Penalty to Mike Brown for Delaying the game.
10:26 of 2nd period - Nate Thompson wins face-off versus Kyle Brodziak in Tamiflu zone.
10:35 of 2nd period - Slapshot by Henrik Tallinder.
10:35 of 2nd period - Stopped by Corey Crawford without a rebound.
10:36 of 2nd period - Kyle Brodziak wins face-off versus Nate Thompson in Tamiflu zone.
11:01 of 2nd period - Slapshot by Henrik Tallinder.
11:01 of 2nd period - Shot Blocked by Freddy Meyer.
11:03 of 2nd period - Snap shot by Michal Grosek.
11:03 of 2nd period - Shot Blocked by Alex Picard.
11:31 of 2nd period - Off-side.
11:32 of 2nd period - Brad Chartrand wins face-off versus Pierre Dagenais in neutral zone.
11:35 of 2nd period - Slapshot by Mike Van Ryn.
11:35 of 2nd period - Shot Blocked by Freddy Meyer.
11:47 of 2nd period - Snap shot by Brandon Yip.
11:47 of 2nd period - Stopped by Corey Crawford without a rebound.
11:47 of 2nd period - Minor Penalty to Corey Crawford for Slashing.
11:48 of 2nd period - Nate Thompson wins face-off versus Brad Chartrand in Tamiflu zone.
11:57 of 2nd period - Wrist shot by Brandon Yip.
11:57 of 2nd period - Goal by Brandon Yip - Saguenéens : 1 - Tamiflu : 1.
11:58 of 2nd period - Kyle Brodziak wins face-off versus Nate Thompson in neutral zone.
12:16 of 2nd period - Nate Thompson is hit by Ian Cole and loses puck.
12:33 of 2nd period - Snap shot by Brad Chartrand.
12:33 of 2nd period - Goal by Brad Chartrand - Saguenéens : 2 - Tamiflu : 1.
12:34 of 2nd period - Nate Thompson wins face-off versus Kyle Brodziak in neutral zone.
13:44 of 2nd period - Slapshot by Freddy Meyer.
13:44 of 2nd period - Deflect By Brendan Witt.
13:44 of 2nd period - Stopped by James Reimer with a rebound.
13:54 of 2nd period - Wrist shot by Andrew Kozek.
13:54 of 2nd period - Deflect By Zack Stortini.
13:54 of 2nd period - Shot Misses the Net.
13:54 of 2nd period - Puck is out of play.
13:55 of 2nd period - Nate Thompson wins face-off versus Kyle Brodziak in Tamiflu zone.
14:04 of 2nd period - Wrist shot by Mike Brown.
14:04 of 2nd period - Shot Blocked by Derek Joslin.
14:22 of 2nd period - Brad Chartrand is hit by Jani Rita and loses puck.
14:45 of 2nd period - Snap shot by David Clarkson.
14:45 of 2nd period - Stopped by James Reimer with a rebound.
15:05 of 2nd period - Wayne Simmonds is hit by Mike Brown and loses puck.
15:50 of 2nd period - Slapshot by Radek Bonk.
15:50 of 2nd period - Stopped by James Reimer with a rebound.
15:52 of 2nd period - Slapshot by Jani Rita.
15:52 of 2nd period - Stopped by James Reimer with a rebound.
17:03 of 2nd period - Backhand shot by Petr Pohl.
17:03 of 2nd period - Stopped by James Reimer without a rebound.
17:04 of 2nd period - Kyle Brodziak wins face-off versus Nate Thompson in Saguenéens zone.
17:04 of 2nd period - Kyle Brodziak is hit by Mike Brown.
17:05 of 2nd period - Minor Penalty to Mike Brown for Hooking.
17:06 of 2nd period - Nate Thompson wins face-off versus Brad Chartrand in Tamiflu zone.
17:58 of 2nd period - Nate Thompson is hit by Dwight King and loses puck.
19:05 of 2nd period - Penalty to Mike Brown is over, Mike Brown is back on ice.
19:59 of 2nd period - Johannes Salmonsson is hit by Kyle Lawson and loses puck.

3rd period


0:01 of 3rd period - Kyle Brodziak wins face-off versus Nate Thompson in neutral zone.
0:18 of 3rd period - Michal Grosek is hit by Nate Thompson and loses puck.
0:31 of 3rd period - Snap shot by David Clarkson.
0:31 of 3rd period - Stopped by James Reimer with a rebound.
0:33 of 3rd period - Wrist shot by David Clarkson.
0:33 of 3rd period - Stopped by James Reimer with a rebound.
0:35 of 3rd period - Snap shot by Pavel Trnka.
0:35 of 3rd period - Deflect By Wayne Simmonds.
0:35 of 3rd period - Stopped by James Reimer with a rebound.
0:37 of 3rd period - Snap shot by Greg Mauldin.
0:37 of 3rd period - Shot Blocked by Patrick McNeill.
0:39 of 3rd period - Wrist shot by Greg Mauldin.
0:39 of 3rd period - Stopped by James Reimer without a rebound.
0:39 of 3rd period - Minor Penalty to Wayne Simmonds for Hooking.
0:40 of 3rd period - Brad Chartrand wins face-off versus Nate Thompson in Saguenéens zone.
0:55 of 3rd period - Snap shot by Brad Chartrand.
0:55 of 3rd period - Goal by Brad Chartrand - Saguenéens : 3 - Tamiflu : 1.
0:56 of 3rd period - Brad Chartrand wins face-off versus Nate Thompson in neutral zone.
1:11 of 3rd period - Wrist shot by Mike Brown.
1:11 of 3rd period - Shot Misses the Net.
1:46 of 3rd period - Derek Joslin is hit by Alex Picard and loses puck.
2:39 of 3rd period - Penalty to Wayne Simmonds is over, Wayne Simmonds is back on ice.
2:55 of 3rd period - Pat Dwyer is hit by Pierre Dagenais and loses puck.
3:08 of 3rd period - Slapshot by David Clarkson.
3:08 of 3rd period - Stopped by James Reimer without a rebound.
3:09 of 3rd period - David McIntyre wins face-off versus Greg Mauldin in Saguenéens zone.
3:16 of 3rd period - Kyle Lawson is hit by Derek Joslin and loses puck.
4:19 of 3rd period - Wrist shot by Brad Chartrand.
4:19 of 3rd period - Shot Blocked by Radek Bonk.
4:23 of 3rd period - Slapshot by Brandon Yip.
4:23 of 3rd period - Shot Misses the Net.
4:25 of 3rd period - Slapshot by Brandon Yip.
4:25 of 3rd period - Shot Misses the Net.
4:27 of 3rd period - Slapshot by Dwight King.
4:27 of 3rd period - Shot Misses the Net.
4:42 of 3rd period - Off-side.
4:43 of 3rd period - Nate Thompson wins face-off versus Kyle Brodziak in neutral zone.
4:45 of 3rd period - Mike Brown is hit by Mike Van Ryn and loses puck.
5:08 of 3rd period - Nate Thompson is hit by Patrick McNeill and loses puck.
5:15 of 3rd period - Slapshot by Pavel Trnka.
5:15 of 3rd period - Shot Blocked by Patrick McNeill.
5:17 of 3rd period - Wrist shot by Nate Thompson.
5:17 of 3rd period - Stopped by James Reimer without a rebound.
5:18 of 3rd period - Brad Chartrand wins face-off versus Radek Bonk in Saguenéens zone.
5:18 of 3rd period - Brad Chartrand is hit by Kyle Lawson.
6:32 of 3rd period - Patrick McNeill is hit by Radek Bonk and loses puck.
6:53 of 3rd period - Henrik Tallinder is hit by Nate Thompson and loses puck.
6:57 of 3rd period - Icing by Henrik Tallinder.
6:58 of 3rd period - Jani Rita wins face-off versus Brad Chartrand in Saguenéens zone.
7:13 of 3rd period - Slapshot by Jani Rita.
7:13 of 3rd period - Shot Blocked by Dwight King.
7:30 of 3rd period - Slapshot by Brendan Witt.
7:30 of 3rd period - Stopped by Corey Crawford with a rebound.
7:50 of 3rd period - Wrist shot by Johannes Salmonsson.
7:50 of 3rd period - Shot Misses the Net.
8:05 of 3rd period - Jordan Hendry is hit by Mike Van Ryn and loses puck.
8:12 of 3rd period - Wrist shot by Pierre Dagenais.
8:12 of 3rd period - Stopped by James Reimer without a rebound.
8:13 of 3rd period - Kyle Brodziak wins face-off versus Petr Pohl in Saguenéens zone.
8:23 of 3rd period - Jonathan Sigalet is hit by Michal Grosek and loses puck.
9:08 of 3rd period - Pavel Trnka is hit by Zack Stortini and loses puck.
9:14 of 3rd period - Minor Penalty to Andrew Kozek for Tripping.
9:15 of 3rd period - Kyle Brodziak wins face-off versus Petr Pohl in Saguenéens zone.
9:15 of 3rd period - Kyle Brodziak is hit by Greg Mauldin.
11:14 of 3rd period - Penalty to Andrew Kozek is over, Andrew Kozek is back on ice.
11:19 of 3rd period - Snap shot by Pierre Dagenais.
11:19 of 3rd period - Stopped by James Reimer without a rebound.
11:20 of 3rd period - Colin Greening wins face-off versus Andreas Engqvist in Saguenéens zone.
11:31 of 3rd period - Snap shot by Johannes Salmonsson.
11:31 of 3rd period - Shot Misses the Net.
11:35 of 3rd period - Snap shot by Pat Dwyer.
11:35 of 3rd period - Goal by Pat Dwyer - Saguenéens : 4 - Tamiflu : 1.
11:36 of 3rd period - Nate Thompson wins face-off versus Kyle Brodziak in neutral zone.
11:44 of 3rd period - Wrist shot by Alex Picard.
11:44 of 3rd period - Deflect By Mike Brown.
11:44 of 3rd period - Shot Blocked by Kyle Brodziak.
11:44 of 3rd period - Puck is out of play.
11:45 of 3rd period - Kyle Brodziak wins face-off versus Nate Thompson in Saguenéens zone.
11:52 of 3rd period - Slapshot by Mike Van Ryn.
11:52 of 3rd period - Shot Blocked by Nate Thompson.
11:58 of 3rd period - Mike Van Ryn is hit by Nate Thompson and loses puck.
12:03 of 3rd period - Slapshot by Alex Picard.
12:03 of 3rd period - Stopped by James Reimer with a rebound.
12:07 of 3rd period - Snap shot by Nate Thompson.
12:07 of 3rd period - Shot Blocked by Michal Grosek.
12:09 of 3rd period - Wrist shot by Mike Brown.
12:09 of 3rd period - Shot Misses the Net.
12:11 of 3rd period - Slapshot by Pavel Trnka.
12:11 of 3rd period - Shot Blocked by Mike Van Ryn.
12:13 of 3rd period - Snap shot by Mike Brown.
12:13 of 3rd period - Shot Misses the Net.
12:37 of 3rd period - Snap shot by Alex Picard.
12:37 of 3rd period - Shot Misses the Net.
12:39 of 3rd period - Wrist shot by Alex Picard.
12:39 of 3rd period - Stopped by James Reimer with a rebound.
12:45 of 3rd period - Wrist shot by Alex Picard.
12:45 of 3rd period - Shot Misses the Net.
12:53 of 3rd period - Snap shot by Alex Picard.
12:53 of 3rd period - Shot Misses the Net.
13:27 of 3rd period - Wrist shot by Alex Picard.
13:27 of 3rd period - Stopped by James Reimer with a rebound.
13:29 of 3rd period - Snap shot by Mike Brown.
13:29 of 3rd period - Stopped by James Reimer without a rebound.
13:30 of 3rd period - Brad Chartrand wins face-off versus Radek Bonk in Saguenéens zone.
13:30 of 3rd period - Brad Chartrand is hit by Radek Bonk.
13:33 of 3rd period - Minor Penalty to Jani Rita for High sticking.
13:34 of 3rd period - Greg Mauldin wins face-off versus Brad Chartrand in Tamiflu zone.
14:19 of 3rd period - Rich Clune is hit by Brad Chartrand.
14:29 of 3rd period - Andrew Kozek is hit by Rich Clune and loses puck.
14:40 of 3rd period - Patrick McNeill is hit by Colin Greening and loses puck.
14:47 of 3rd period - Wrist shot by Colin Greening.
14:47 of 3rd period - Shot Blocked by Andrew Kozek.
15:11 of 3rd period - Mike Van Ryn is hit by David Clarkson and loses puck.
15:33 of 3rd period - Penalty to Jani Rita is over, Jani Rita is back on ice.
15:42 of 3rd period - Kyle Lawson is hit by Derek Joslin and loses puck.
15:57 of 3rd period - Brendan Witt is hit by Kyle Lawson and loses puck.
16:10 of 3rd period - Pat Dwyer is hit by Pierre Dagenais and loses puck.
16:34 of 3rd period - Mike Van Ryn is hit by Jonathan Sigalet and loses puck.
17:28 of 3rd period - Snap shot by Petr Pohl.
17:28 of 3rd period - Stopped by James Reimer without a rebound.
17:29 of 3rd period - Radek Bonk wins face-off versus Andrew Kozek in Saguenéens zone.
17:36 of 3rd period - Wrist shot by Radek Bonk.
17:36 of 3rd period - Shot Misses the Net.
18:17 of 3rd period - Slapshot by Pierre Dagenais.
18:17 of 3rd period - Shot Misses the Net.
18:57 of 3rd period - Snap shot by Jani Rita.
18:57 of 3rd period - Shot Misses the Net.
19:21 of 3rd period - Slapshot by Alex Picard.
19:21 of 3rd period - Shot Misses the Net.
19:51 of 3rd period - Nathan Oystrick is hit by Michal Grosek and loses puck.


Output by the SimonT Hockey Simulator (STHS) for François Prévost -- Original Page W3C XHTML 1.0 Valid
Hockey Simulator - Hockey Simulation - Hockey Manager